 Dungeon Crawl Stone Soup version 0.27.1-34-g3ba077fa99 (webtiles) character file.

Game seed: 3479855816369484443

426 Garmo the Skirmisher (level 7, -7/54 HPs)
             Began as a Djinni Gladiator on Jan 6, 2022.
             Mangled by Blork the orc (9 damage)
             ... on level 4 of the Dungeon.
             The game lasted 00:39:08 (8130 turns).

Garmo the Skirmisher (Djinni Gladiator)             Turns: 8130, Time: 00:39:09

Health: -7/54      AC:  4    Str: 14    XL:     7   Next: 18%
Gold:   164        EV: 13    Int: 10    God:
                   SH:  0    Dex: 15

rFire    + + .     SeeInvis .   b - +1 short sword (speed)
rCold    x . .     Faith    .   (no shield)
rNeg     . . .     Spirit   .   l - +0 leather armour
rPois    ∞         Reflect  .   c - +0 helmet
rElec    .         Harm     .   (no cloak)
rCorr    .         Rampage  .   (no gloves)
Will     .....                  (boots unavailable)
Stlth    +.........             (no amulet)
HPRegen  0.18/turn              (no ring)
MPRegen  0.00/turn              (no ring)

@: about to teleport, flying
A: sickness immunity, fire resistance 2, cold vulnerability 1, float, innate
caster, hp casting, extra vitality 1
a: no special abilities


You were on level 4 of the Dungeon.
You visited 2 branches of the dungeon, and saw 5 of its levels.

You collected 164 gold pieces.

Inventory:

Hand Weapons
 a - a +0 long sword
 b - a +1 short sword of speed (weapon)
   (You found it on level 3 of the Dungeon)
Missiles
 d - 3 throwing nets {!f}
 g - 34 stones (quivered)
Armour
 c - a +0 helmet (worn)
 l - a +0 leather armour (worn)
 o - a +0 cloak
   (You found it on level 3 of the Dungeon)
Wands
 p - a wand of mindburst (16)
   (You found it on level 4 of the Dungeon)
Scrolls
 j - a scroll of teleportation {@r4}
 k - a scroll of fog {unknown}
Potions
 e - 3 potions of degeneration {!q}
 f - a potion of invisibility {unknown}
 h - 4 potions of curing {@q1}
 i - a potion of brilliance {unknown}
 m - a potion of lignification {unknown}
 n - 2 potions of heal wounds {unknown}


   Skills:
 * Level 5.2 Fighting
 + Level 1.6(2.8) Short Blades
 - Level 3.6(3.8) Long Blades
 - Level 1.5 Throwing
 + Level 5.0 Dodging


You had one spell level left.
You knew the following spells:

 Your Spells              Type           Power      Damage    Failure   Level
a - Corpse Rot            Necr/Air       N/A        N/A       58%         2
c - Apportation           Tloc           0%         N/A       43%         1
d - Static Discharge      Conj/Air       0%         N/A       58%         2
Your spell library was empty.

Dungeon Overview and Level Annotations

Branches:
Dungeon (4/15)             Temple (1/1) D:4

Altars:
Cheibriados
Dithmenos
Elyvilon
Fedhas
Hepliaklqana
Kikubaaqudgha
Okawaru
Qazlal
Ru
Sif Muna
Vehumet
Wu Jian
Zin
The Shining One

Shops:
D:1 *

Annotations:
D:4 Blork the orc, Eustachio


Innate Abilities, Weirdness & Mutations

You are immune to sickness and miasma.
You are immune to poison.
Your flesh is very heat resistant. (rF++)
You are vulnerable to cold. (rC-)
You float through the air rather than walking.
You learn spells naturally, not from books.
Your magical power is your life essence.
You have superior vitality. (+4 HP)


Message History

Throw: 37 stones
Aim: Blork the orc, wielding a +0 flail and wearing a +2 robe of fire resistance (64% to hit)
You throw a stone.
The stone hits Blork the orc but does no damage.
Throw: 36 stones
Aim: Blork the orc, wielding a +0 flail and wearing a +2 robe of fire resistance (64% to hit)
You throw a stone. The stone barely misses Blork the orc.
Blork the orc casts a spell at you. The puff of flame hits you. You resist.
Throw: 35 stones
Aim: Blork the orc, wielding a +0 flail and wearing a +2 robe of fire resistance (64% to hit)
You throw a stone. The stone barely misses Blork the orc.
Blork the orc gestures at you while chanting.
The puff of frost hits you!
You feel a terrible chill!
Blork the orc gestures at you while chanting.
The puff of frost misses you.
Blork the orc begins to cast a cantrip, but forgets the words!
Blork the orc mumbles some strange words.
Blork the orc seems to speed up.
Blork the orc casts a spell at you. The magic dart hits you.
You hit Blork the orc but do no damage.
Blork the orc points at you and mumbles some strange words.
The puff of flame hits you. You resist.
You hit Blork the orc.
Blork the orc looks braver for a moment.
You hit Blork the orc but do no damage. Blork the orc closely misses you.
You closely miss Blork the orc. Blork the orc barely misses you.
You barely miss Blork the orc. Blork the orc misses you.
You closely miss Blork the orc.
Blork the orc screams, "I'll decorate my home with your organs!"
Blork the orc casts a cantrip, but nothing happens.
You hit Blork the orc. Blork the orc hits you with a +0 flail.
You completely miss Blork the orc. Blork the orc hits you with a +0 flail!
* * * LOW HITPOINT WARNING * * *
You barely miss Blork the orc. Blork the orc completely misses you.
You hit Blork the orc. Blork the orc completely misses you.
You hit Blork the orc. Blork the orc misses you.
You hit Blork the orc. You hit Blork the orc but do no damage.
Blork the orc points at you and mumbles some strange words.
The magic dart hits you!
* * * LOW HITPOINT WARNING * * *
You hit Blork the orc. Blork the orc hits you with a +0 flail!
* * * LOW HITPOINT WARNING * * *
As you read the scroll of teleportation {@r4}, it crumbles to dust.
You feel strangely unstable. Blork the orc hits you with a +0 flail.
* * * LOW HITPOINT WARNING * * *
Blork the orc hits you with a +0 flail!
You die...

.# .##### #. ......
#.# .####. #.# ....#
#.# ....# #.#
....#.#.#.#
........#.###########
r######.#.......@o..#
........#.#########.#
.........§..# #.#
..§≈≈≈§≈§≈§.## #.#
..≈.§§..§§§.§# #.#
§§≈.≈≈≈≈≈.≈.§# #.#
.§≈.≈...§.≈§.######.#
..≈.≈._.≈§§.......#.#
..§.≈...≈.§.#####.#.#


You could see Blork the orc (fast).

Vanquished Creatures
  A necrophage (D:3)
  A scorpion (D:4)
  A gnoll shaman (D:3)
  2 orc wizards (D:3)
  8 gnolls
  3 adders
  2 worms
  2 dart slugs
  7 orcs
  7 endoplasms
  5 giant cockroaches
  9 goblins
  6 hobgoblins
  6 jackals
  6 quokkas
  2 ball pythons (D:3)
  4 bats
  4 frilled lizards
  7 kobolds
  3 rats
86 creatures vanquished.

Vanquished Creatures (others)
  9 fungi (D:2)
  4 plants (D:2)
13 creatures vanquished.

Grand Total: 99 creatures vanquished

Notes
Turn   | Place    | Note
-------+----------+-------------------------------------------
     0 | D:1      | Garmo the Djinni Gladiator began the quest for the Orb.
     0 | D:1      | Reached XP level 1. HP: 18/18 MP: 0/0
   173 | D:1      | Found Hurumunk's Assorted Antiques.
   179 | D:1      | Reached XP level 2. HP: 23/23 MP: 0/0
   487 | D:1      | Reached XP level 3. HP: 25/29 MP: 0/0
   487 | D:1      | Learned a level 1 spell: Apportation
  1498 | D:2      | Reached XP level 4. HP: 32/35 MP: 0/0
  2385 | D:2      | Found a faded altar of an unknown god.
  2956 | D:3      | Noticed a necrophage
  3088 | D:3      | Found an ornate altar of the Wu Jian Council.
  3281 | D:3      | Noticed a sky beast
  3458 | D:3      | Killed a necrophage
  3459 | D:3      | Reached XP level 5. HP: 38/41 MP: 0/0
  3459 | D:3      | Learned a level 2 spell: Static Discharge
  3630 | D:3      | Reached XP level 6. HP: 47/47 MP: 0/0
  3936 | D:2      | Found a faded altar of an unknown god.
  4511 | D:2      | Found a faded altar of an unknown god.
  5471 | D:3      | Reached skill level 1 in Short Blades
  6627 | D:3      | Found an ornate altar of the Wu Jian Council.
  7037 | D:4      | Found a staircase to the Ecumenical Temple.
  7214 | Temple   | Entered the Ecumenical Temple
  7354 | D:4      | Noticed Eustachio
  7450 | D:3      | Reached skill level 5 in Fighting
  7542 | D:4      | Reached XP level 7. HP: 39/54 MP: 0/0
  7542 | D:4      | Learned a level 2 spell: Corpse Rot
  7999 | D:4      | Reached skill level 5 in Dodging
  8087 | D:4      | Noticed Blork the orc
  8130 | D:4      | HP: 2/54 [Blork the orc (3)]
  8130 | D:4      | Mangled by Blork the orc

Illustrated notes

Levels and vault maps discovered:
D:1:      grunt_arrival_crossed_arrows, layout_basic, serial_shops, shop
D:2:      layout_loops_ring, shapermc_ecumenical_altar_mp_urbaneastern,
          hangedman_decor_growths, grunt_ministairs_4
D:3:      layout_basic, mainiacjoe_overflow_small_starburst, serial_glass,
          glass_columns_c, glass_columns_a
D:4:      layout_basic, mainiacjoe_overflow_concentric_impassable,
          lemuel_crystal_altar, minmay_temple_entry_statues, uniq_blork_the_orc,
          uniq_eustachio, uniq_crazy_yiuf_cottage
Temple:   nicolae_temple_hex_pool

Skill      XL: |  1  2  3  4  5  6  7 |
---------------+----------------------+-----
Long Blades    | 3 |  3.6
Fighting       | 3 4 5 |  5.2
Dodging        | 4 5 |  5.0
Short Blades   | 1 |  1.6
Throwing       | |  1.5

Action                   |  1- 3 |  4- 6 |  7- 9 || total
-------------------------+-------+-------+-------++-------
Melee: Long sword        |    88 |    46 |       ||   134
       Short sword       |       |   213 |    55 ||   268
Throw: Stone             |     1 |    73 |    27 ||   101
  Use: Scroll            |       |     4 |     1 ||     5
 Stab: Sleeping          |       |     1 |       ||     1
Armor: Leather armour    |    25 |    44 |     7 ||    76
Dodge: Dodged            |    57 |   117 |    20 ||   194
       Rpst.: Long sword |    19 |    10 |       ||    29
